cohdb
Replays
Latest Replays
All Replays
Popular Replays
Top Player Replays
Match Explorer
How It Works
Community
CoH3 Stats
Reddit
Sign in to upload your games and track your stats! →
Sign in with Steam
Match 45687025
Unlisted
Match 45687025
Overview
Messages
Build Orders
End
Selects Australian Defense Battlegroup
Selects Australian Light Infantry Section
Australian Light Infantry Section
Royal Engineer Section
Construct Section Command Post
Dingo Light Scout Car
Infantry Section
Dingo Light Scout Car
Infantry Section
Construct Platoon Command Post
Unlock M3 Stuart Light Tanks
Selects 2-pounder Anti-tank Gun Team
M3 Stuart Light Tank
M3 Stuart Light Tank
M3 Stuart Light Tank
M3 Stuart Light Tank
SneaKerz
gb_gbg
Finneas
WestTro
0
0
Comments
sign in to comment!
No comments posted yet!